 Dungeon Sprint DCSS version 0.31-a0-963-ga325b2283a (webtiles) character file.

Game seed: 11775769359220422568

293398 Conn the Scorcher (level 14, 8/92 HPs)
             Began as an Octopode Fire Elementalist on Oct 23, 2023.
             Was an Elder of Sif Muna.
             Escaped with the Orb!
             The game lasted 01:33:11 (7277 turns).

Conn the Scorcher (Octopode Fire Elementalist)      Turns: 7277, Time: 01:33:11

Health: 8/92       AC: 12    Str:  7    XL:     14   Next: 6%
Magic:  27/45      EV: 26    Int: 36    God:    Sif Muna [****..]
Gold:   3844       SH:  5    Dex: 13    Spells: 5/50 levels left

rFire   + + .        w - staff "Hulo" {Drain rF++ rC+ rCorr MP+9 Ice}
rCold   + . .        (no shield)
rNeg    . . .        c - +3 crown of Dyrovepreva {rElec Int+2 SInv}
rPois   +            r - amulet of reflection
rElec   +            g - +4 ring of protection
rCorr   +            s - ring of wizardry
SInv    +            e - ring of poison resistance
Will    ++...        k - +4 ring of protection
Stlth   ++           o - +5 ring of evasion
HPRegen 0.35/turn    x - +6 ring of intelligence
MPRegen 0.29/turn    u - ring of Anarchy {Contam Will+ Int+6 Stlth+}
                     G - +5 ring of evasion

%: no teleportation, reflection, wizardry (x1)
@: no status effects
A: almost no armour, amphibious, 8 rings, camouflage 1, gelatinous body 1,
(nimble swimmer 1), tentacles, deterioration 1
0: Orb of Zot
a: Renounce Religion, Channel Magic, Forget Spell, Divine Exegesis


You escaped.
You worshipped Sif Muna.
Sif Muna was greatly pleased with you.
You visited 1 branch You collected 7743 gold pieces.
You spent 3899 gold pieces at shops.

Inventory:

Hand Weapons
 h - a +2 dagger of draining
Missiles
 i - 2 curare-tipped darts (quivered)
Armour
 c - the +3 crown of Dyrovepreva (worn) {rElec Int+2 SInv}
   (You found it in the Dungeon)

   Int+2:     It affects your intelligence (+2).
   rElec:     It insulates you from electricity.
   SInv:      It lets you see invisible.
Magical Staves
 w - the staff "Hulo" (weapon) {Drain rF++ rC+ rCorr MP+9 Ice}
   (You found it in the Dungeon)

   [staff of cold]

   Base accuracy: +5 Base damage: 5 Base attack delay: 1.2 This weapon's minimum
   attack delay (0.6) is reached at skill level 12.
   rF++:      It greatly protects you from fire.
   rC+:       It protects you from cold.
   MP+9:      It affects your magic capacity (+9).
   rCorr:     It protects you from acid and corrosion.
   Drain:     It drains your maximum health when unequipped.
   Ice:       It increases the power of your Ice spells.
   It falls into the 'Staves' category.
   It is a one-tentacled weapon.
 I - the staff of the Feeding Augurer {*Corrode rF+ Int-4 Dex+5 Stlth+ Fire}
   (You found it in the Dungeon)

   [staff of fire]

   Base accuracy: +5 Base damage: 5 Base attack delay: 1.2 This weapon's minimum
   attack delay (0.6) is reached at skill level 12.
   Int-4:     It affects your intelligence (-4).
   Dex+5:     It affects your dexterity (+5).
   rF+:       It protects you from fire.
   *Corrode:  It may corrode you when you take damage.
   Stlth+:    It makes you more stealthy.
   Fire:      It increases the power of your Fire spells.
   It falls into the 'Staves' category.
   It is a one-tentacled weapon.
Jewellery
 e - a ring of poison resistance (on tentacle)
 g - a +4 ring of protection (left tentacle)
 k - a +4 ring of protection (on tentacle)
 m - a ring of ice
 o - a +5 ring of evasion (on tentacle)
 r - an amulet of reflection (around mantle)
 s - a ring of wizardry (right tentacle)
 t - a ring of protection from fire
 u - the ring of Anarchy (on tentacle) {Contam Will+ Int+6 Stlth+}
   (You took it off a deep elf master archer in the Dungeon)

   [ring of intelligence]

   Int+6:     It affects your intelligence (+6).
   Will+:     It increases your willpower.
   Contam:    It causes magical contamination when unequipped.
   Stlth+:    It makes you more stealthy.
 x - a +6 ring of intelligence (on tentacle)
 G - a +5 ring of evasion (on tentacle)
 J - an amulet of magic regeneration
Wands
 d - a wand of mindburst (16)
 j - a wand of flame (11)
 D - a wand of paralysis (8)
Scrolls
 l - 2 scrolls of immolation
 p - a scroll of enchant armour
 z - a scroll of silence
 A - 2 scrolls of enchant weapon
 B - a scroll of fog
 C - a scroll of identify
 E - a scroll of amnesia
 F - a scroll of vulnerability {unknown}
Potions
 a - 2 potions of magic
 b - 5 potions of curing
 f - 2 potions of haste
 q - 4 potions of heal wounds
 v - a potion of cancellation
Miscellaneous
 n - a lightning rod (4/4)
 y - a sack of spiders
 H - a phantom mirror


   Skills:
 * Level 7.0 Fighting
 + Level 0.2 Short Blades
 + Level 2.0 Throwing
 * Level 8.6 Dodging
 - Level 5.5 Stealth
 + Level 1.0 Shields
 + Level 18.7 Spellcasting
 + Level 12.9 Conjurations
 - Level 7.0 Hexes
 + Level 8.7 Summonings
 - Level 5.0 Translocations
 + Level 18.9 Fire Magic
 - Level 10.0 Air Magic
 + Level 1.4 Earth Magic
 * Level 14.6 Invocations


You had 5 spell levels left.
You knew the following spells:

 Your Spells              Type           Power      Damage    Failure   Level
a - Foxfire               Conj/Fire      100%       2x1d9     0%          1
b - Scorch                Fire           100%       2d9       0%          2
c - Inner Flame           Hex/Fire       91%        N/A       0%          3
d - Orb of Destruction    Conj           45%        9d12      1%          7
e - Plasma Beam           Fire/Air       47%        2x1d62    1%          6
f - Summon Mana Viper     Hex/Summ       74%        N/A       1%          5
g - Stone Arrow           Conj/Erth      100%       3d13      1%          3
h - Brom's Barrelling Bo  Conj/Erth      71%        2d8       1%          4
i - Iskenderun's Mystic   Conj/Tloc      78%        2d16      1%          4
j - Swiftness             Air            81%        N/A       1%          3
k - Fireball              Conj/Fire      49%        3d19      1%          5
l - Blink                 Tloc           100%       N/A       1%          2

Your spell library contained the following spells:

 Spells                   Type           Power      Damage    Failure   Level
 Shock                    Conj/Air       100%       1d9       0%          1
 Static Discharge         Conj/Air       100%       3-8/arc   0%          2
 Volatile Blastmotes      Fire/Tloc      100%       2d18      0%          3
 Flame Wave               Conj/Fire      99%        2d21      0%          4
 Sticky Flame             Conj/Fire      99%        2d11      0%          4
 Freeze                   Ice            100%       1d10      1%          1
 Sandblast                Erth           88%        2d18      1%          1
 Jinxbite                 Hex            100%       N/A       1%          2
 Momentum Strike          Conj/Tloc      100%       3d10      1%          2
 Passwall                 Tmut/Erth      31%        N/A       1%          2
 Poisonous Vapours        Pois/Air       100%       N/A       1%          2
 Confusing Touch          Hex            71%        N/A       1%          3
 Gell's Gravitas          Tloc           62%        N/A       1%          3
 Ignite Poison            Fire/Tmut/Pois 68%        N/A       1%          3
 Teleport Other           Tloc           62%        N/A       1%          3
 Tukima's Dance           Hex            71%        N/A       1%          3
 Airstrike                Air            40%        2d(6-22)  1%          4
 Cause Fear               Hex            35%        N/A       1%          4
 Summon Lightning Spire   Summ/Air       79%        N/A       1%          4
 Vhi's Electric Charge    Tloc/Air       100%       N/A       1%          4
 Arcjolt                  Conj/Air       43%        1d53      1%          5
 Freezing Cloud           Conj/Ice/Air   46%        6-21      1%          5
 Iskenderun's Battlesphe  Conj           91%        2d14      1%          5
 Silence                  Hex/Air        38%        N/A       1%          5
 Summon Forest            Summ/Tloc      35%        N/A       1%          5
 Lee's Rapid Deconstruct  Erth           22%        3d12*     6%          5
 Conjure Ball Lightning   Conj/Air       43%        3x3d15    1%          6
 Starburst                Conj/Fire      49%        6d14      1%          6
 Dispersal                Tloc           31%        N/A       8%          6
 Enfeeble                 Hex            35%        N/A       17%         7
 Malign Gateway           Summ/Tloc      35%        N/A       19%         7
 Haunt                    Necr/Summ      30%        N/A       45%         7
 Ozocubu's Refrigeration  Ice            25%        4d13      95%         7
 Chain Lightning          Conj/Air       43%        3d57      96%         9
 Dragon's Call            Summ           38%        N/A       100%        9
 Polar Vortex             Ice            25%        12d3*     100%        9
 Shatter                  Erth           22%        3d19*     100%        9
 Animate Armour           Summ/Erth      Unusable   N/A       N/A         4

Dungeon Overview and Level Annotations

Branches:
Dungeon (1/1)

Altars:
Cheibriados
Dithmenos
Elyvilon
Fedhas
Gozag
Hepliaklqana
Kikubaaqudgha
Makhleb
Nemelex Xobeh
Okawaru
Qazlal
Ru
Sif Muna
Trog
Uskayaw
Vehumet
Wu Jian
Xom
Yredelemnul
Zin
The Shining One
Jiyva
Lugonu

Shops:
D ?=*=[[*(=?![(![=[*([([


Innate Abilities, Weirdness & Mutations

You cannot wear most types of armour.
You are amphibious.
You can wear up to eight rings at the same time.
Your skin changes colour to match your surroundings (Stealth+).
Your rubbery body absorbs attacks. (AC +1, EV +1)
((You are camouflaged when in or above water. (Stealth+)))
You have tentacles for arms and can constrict up to eight enemies at once.
Your body sometimes deteriorates upon taking damage.


Message History

You start resting.
Magic restored.
You start waiting.
A hellion comes into view.
Casting: Plasma Beam (mildly dangerous; 1% risk of failure)
Confirm with . or Enter, or press ? or * to list all spells.
Aiming: Orb of Destruction (dangerous; 1% risk of failure)
Press: ? - help, Shift-Dir - straight line, f - hellion
Aim: a hellion (wandering, hasn't noticed you)
The wavering orb of destruction hits the hellion!!!
You blow up the hellion!
Sif Muna accepts your kill.
You start resting.
Xyetyo comes into view. It is armed with a distorting touch.
A sun demon comes into view.
Casting: Orb of Destruction (dangerous; 1% risk of failure)
Confirm with . or Enter, or press ? or * to list all spells.
Casting: Plasma Beam (mildly dangerous; 1% risk of failure)
Press: ? - help, Dir - look around, f - activate The bolt of lightning misses the sun demon.
The bolt of lightning misses Xyetyo.
The fiery plasma hits the sun demon.
The sun demon completely resists.
The fiery plasma misses Xyetyo.
A rust devil comes into view.
Unknown command.
Casting: Plasma Beam (mildly dangerous; 1% risk of failure)
Confirm with . or Enter, or press ? or * to list all spells.
Casting: Plasma Beam (mildly dangerous; 1% risk of failure)
Press: ? - help, Dir - look around, f - activate The bolt of lightning misses Xyetyo.
The bolt of lightning hits the rust devil.
The rust devil resists.
The rust devil is lightly wounded.
The fiery plasma misses Xyetyo.
The fiery plasma hits the rust devil.
The rust devil completely resists.
The rust devil is lightly wounded.
Xyetyo hits you!!! Xyetyo hits you!!!
* * * LOW HITPOINT WARNING * * *
Xyetyo completely misses you.
You have escaped!

##################
#@&#.[)..#..'..#__
#..4.3#..'[.#).'..
#..#####'#####'#__
#..####..#...#.###
#..#__####..##§#~~
#..#_____##'#_.§~§
#⌠⌠#_.∩...'...§#)§
####_..__##_.#'##'
#_____###'#.#..


You could see Xyetyo, a sun demon and a rust devil.

Vanquished Creatures
  Lom Lobon (D)
  the Lernaean hydra (D)
  A golden dragon (D)
  A deep elf master archer (D)
  A shadow dragon (D)
  A daeva (D)
  4 fire giants (D)
  A deep elf annihilator (D)
  A lorocyproca (D)
  A mummy priest (D)
  A hydra (D)
  2 centaur warriors (D)
  4 demonic crawlers (D)
  Sonja (D)
  A deep troll (D)
  A lindwurm (D)
  2 oklob plants (D)
  3 shining eyes (D)
  2 merfolk sirens (D)
  2 gargoyles (D)
  7 unseen horrors (D)
  A hellion (D)
  2 kobold demonologists (D)
  An ice devil (D)
  A meliai (D)
  A hellwing (D)
  4 hornets (D)
  7 glass eyes (D)
  Sigmund (D)
  A slime creature (D)
  A ynoxinul (D)
  13 hogs (D)
  A yak (D)
  2 redbacks (D)
  An ogre (D)
  7 necrophages (D)
  8 jellies (D)
  Ijyb (D)
  A foxfire (D)
93 creatures vanquished.

Vanquished Creatures (collateral kills)
  Tiamat (D)
  5 shining eyes (D)
  A ball lightning (D)
  5 boulders (D)
12 creatures vanquished.

Vanquished Creatures (others)
  A hornet (D)
  27 ball lightnings (D)
  2 ballistomycete spores (D)
  2 boulders (D)
  74 foxfires (D)
106 creatures vanquished.

Grand Total: 211 creatures vanquished

Notes
Turn   | Place    | Note
-------+----------+-------------------------------------------
     0 | D        | Conn the Octopode Fire Elementalist began the quest for the
                  | Orb.
     0 | D        | Reached XP level 1. HP: 11/11 MP: 3/3
     1 | D        | Noticed Ijyb
    11 | D        | Killed Ijyb
    12 | D        | Reached XP level 2. HP: 14/17 MP: 4/6
    12 | D        | Reached XP level 3. HP: 17/21 MP: 4/7
    59 | D        | Learned a level 2 spell: Scorch
    63 | D        | Learned a level 3 spell: Inner Flame
    66 | D        | Noticed an ogre
    71 | D        | Killed an ogre
    72 | D        | Reached XP level 4. HP: 27/27 MP: 1/10
   152 | D        | Noticed Sigmund
   156 | D        | Killed Sigmund
   157 | D        | Reached XP level 5. HP: 32/32 MP: 4/14
   157 | D        | Reached XP level 6. HP: 37/37 MP: 4/15
   243 | D        | Found a shimmering blue altar of Sif Muna.
   244 | D        | Found an ornate altar of the Wu Jian Council.
   245 | D        | Found a radiant altar of Vehumet.
   249 | D        | Became a worshipper of Sif Muna the Loreminder
   331 | D        | Learned a level 4 spell: Flame Wave
   332 | D        | Found Diskeck's Jewellery Emporium.
   332 | D        | Found an ancient bone altar of Kikubaaqudgha.
   332 | D        | Found a hazy altar of Hepliaklqana.
   332 | D        | Found a stormy altar of Qazlal.
   332 | D        | Found a hide-covered altar of Uskayaw.
   332 | D        | Found a blossoming altar of Fedhas.
   332 | D        | Found a bloodstained altar of Trog.
   332 | D        | Found an iron altar of Okawaru.
   332 | D        | Found a basalt altar of Yredelemnul.
   332 | D        | Found a glowing golden altar of the Shining One.
   332 | D        | Found a snail-covered altar of Cheibriados.
   332 | D        | Found a sacrificial altar of Ru.
   332 | D        | Found a glowing silver altar of Zin.
   332 | D        | Found a shadowy altar of Dithmenos.
   332 | D        | Found a white marble altar of Elyvilon.
   332 | D        | Noticed a yak
   337 | D        | Killed a yak
   338 | D        | Reached skill level 1 in Fighting
   338 | D        | Reached skill level 5 in Conjurations
   338 | D        | Reached XP level 7. HP: 43/43 MP: 11/18
   340 | D        | Found an opulent altar of Gozag.
   341 | D        | Found a sparkling altar of Nemelex Xobeh.
   379 | D        | Found a burning altar of Makhleb.
   379 | D        | Found a viscous altar of Jiyva.
   379 | D        | Found a shimmering altar of Xom.
   379 | D        | Found a corrupted altar of Lugonu.
   379 | D        | Noticed a slime creature
   384 | D        | Killed a slime creature
   384 | D        | Reached * piety under Sif Muna
   385 | D        | Reached skill level 5 in Stealth
   385 | D        | Reached skill level 5 in Hexes
   449 | D        | Bought a +4 ring of protection for 396 gold pieces
   460 | D        | Noticed Sonja
   463 | D        | Killed Sonja
   464 | D        | Reached skill level 10 in Fire Magic
   464 | D        | Reached XP level 8. HP: 49/49 MP: 9/21
   589 | D        | Found Caxikoed's Magic Scroll Boutique.
   597 | D        | Bought a scroll of blinking for 90 gold pieces
   597 | D        | Bought a scroll of identify for 24 gold pieces
   627 | D        | Noticed a deep troll
   637 | D        | Killed a deep troll
   638 | D        | Reached XP level 9. HP: 54/54 MP: 13/24
   651 | D        | Found Eghiqe's Armour Emporium.
   687 | D        | Noticed a shining eye
   687 | D        | Noticed a shining eye
   687 | D        | Noticed a shining eye
   694 | D        | Reached ** piety under Sif Muna
   695 | D        | Reached skill level 1 in Invocations
   699 | D        | Reached skill level 1 in Throwing
   784 | D        | Noticed a kobold demonologist
   789 | D        | Killed a kobold demonologist
   789 | D        | Noticed a kobold demonologist
   794 | D        | Killed a kobold demonologist
   794 | D        | Reached *** piety under Sif Muna
   797 | D        | Noticed a demonic crawler
   799 | D        | Noticed a demonic crawler
   897 | D        | Noticed a centaur warrior
   906 | D        | Killed a centaur warrior
   907 | D        | Reached skill level 5 in Invocations
   907 | D        | Reached XP level 10. HP: 60/60 MP: 16/26
  1027 | D        | Noticed an oklob plant
  1317 | D        | Killed an oklob plant
  1369 | D        | Reached **** piety under Sif Muna
  1465 | D        | Noticed a centaur warrior
  1471 | D        | Killed a centaur warrior
  1615 | D        | Killed an unseen horror
  1619 | D        | Killed an unseen horror
  1705 | D        | Reached ***** piety under Sif Muna
  1706 | D        | Identified the of Uthruc (Sif Muna gifted it to you in the
                  | Dungeon)
  1706 | D        | Received a gift from Sif Muna
  1712 | D        | Identified the "Duhes" (Sif Muna gifted it to you in the
                  | Dungeon)
  1712 | D        | Received a gift from Sif Muna
  1713 | D        | Reached skill level 10 in Conjurations
  1726 | D        | Learned a level 6 spell: Plasma Beam
  1729 | D        | Found the +3 crown of Dyrovepreva {rElec Int+2 SInv}
  1824 | D        | Found Daudwigh's Antique Weapon Shoppe.
  1824 | D        | Found Cixiorua's Assorted Antiques.
  1824 | D        | Found Okialanoi's Jewellery Boutique.
  1826 | D        | Found Hodojyidec's Magic Scroll Emporium.
  1826 | D        | Found Wolusairgh's Distillery.
  1826 | D        | Found Hajos's Armour Shoppe.
  1826 | D        | Found Piofocir's Weapon Boutique.
  1826 | D        | Found Boirph's Distillery.
  1826 | D        | Found Qedghoesa's Armour Shop.
  1826 | D        | Found Mithrilad's Jewellery Shoppe.
  1828 | D        | Bought a white potion for 21 gold pieces
  1828 | D        | Bought a white potion for 21 gold pieces
  1828 | D        | Bought a scroll labelled RUSITY ESEJY for 24 gold pieces
  1828 | D        | Bought a scroll labelled RUSITY ESEJY for 24 gold pieces
  1831 | D        | Found Beuzud's Antique Armour Boutique.
  1832 | D        | Found Xexto's Weapon Emporium.
  1832 | D        | Found Cueck's General Store.
  1833 | D        | Found Uhakhuer's Antique Weapon Emporium.
  1841 | D        | Bought a potion of heal wounds for 50 gold pieces
  1844 | D        | Bought an amulet of reflection for 300 gold pieces
  1851 | D        | Bought a ring of wizardry for 300 gold pieces
  1851 | D        | Bought a ring of protection from fire for 250 gold pieces
  1904 | D        | Learned a level 5 spell: Summon Mana Viper
  1924 | D        | Killed a shining eye
  1925 | D        | Reached skill level 1 in Summonings
  1925 | D        | Reached skill level 1 in Air Magic
  1925 | D        | Reached XP level 11. HP: 66/66 MP: 11/29
  1927 | D        | Killed a shining eye
  1927 | D        | Noticed a shining eye
  1930 | D        | Noticed a shining eye
  1930 | D        | Killed a shining eye
  1931 | D        | Reached skill level 5 in Dodging
  1931 | D        | Gained mutation: You sometimes lose your temper in combat.
                  | [a shining eye]
  2067 | D        | Lost mutation: You sometimes lose your temper in combat.
                  | [potion of mutation]
  2067 | D        | Gained mutation: You have a beak for a mouth. [potion of
                  | mutation]
  2132 | D        | Noticed a shining eye
  2139 | D        | Gained mutation: You occasionally lose the ability to drink
                  | potions when taking damage. [a shining eye]
  2143 | D        | Killed a shining eye
  2143 | D        | Received a gift from Sif Muna
  2281 | D        | Lost mutation: You occasionally lose the ability to drink
                  | potions when taking damage. [potion of mutation]
  2281 | D        | Lost mutation: You have a beak for a mouth. [potion of
                  | mutation]
  2281 | D        | Gained mutation: Your body sometimes deteriorates upon
                  | taking damage. [potion of mutation]
  2281 | D        | Gained mutation: You have an increased reservoir of magic.
                  | (+10% MP) [potion of mutation]
  2313 | D        | Killed a shining eye
  2314 | D        | Reached skill level 15 in Fire Magic
  2385 | D        | Noticed a shining eye
  2385 | D        | Noticed a shining eye
  2503 | D        | Learned a level 3 spell: Stone Arrow
  2508 | D        | Learned a level 4 spell: Brom's Barrelling Boulder
  2513 | D        | Learned a level 4 spell: Vhi's Electric Charge
  2527 | D        | Killed a shining eye
  2538 | D        | Lost mutation: You have an increased reservoir of magic.
                  | (+10% MP) [a shining eye]
  2541 | D        | Killed a shining eye
  2542 | D        | Reached skill level 1 in Translocations
  2547 | D        | Killed a shining eye
  2547 | D        | Received a gift from Sif Muna
  2554 | D        | Found Yda Amn's Jewellery Shoppe.
  2555 | D        | Found Zunef's General Store.
  2557 | D        | Found Sipreosk's Antique Armour Boutique.
  2558 | D        | Found Ymakhy's Antique Armour Shop.
  2565 | D        | Learned a level 3 spell: Swiftness
  2669 | D        | Bought a scroll of identify for 28 gold pieces
  2670 | D        | Identified a scroll of acquirement
  2671 | D        | Identified the of Laoqugip (You acquired it in the
                  | Dungeon)
  2671 | D        | Acquired 759 gold pieces
  2708 | D        | Bought a +4 ring of protection for 396 gold pieces
  2709 | D        | Bought a +5 ring of evasion for 396 gold pieces
  2749 | D        | Bought a potion of heal wounds for 55 gold pieces
  2749 | D        | Bought a potion of haste for 110 gold pieces
  2749 | D        | Bought a potion of cancellation for 88 gold pieces
  2749 | D        | Bought a potion of curing for 33 gold pieces
  2807 | D        | Noticed a demonic crawler
  2887 | D        | Killed a demonic crawler
  2918 | D        | Noticed a lindwurm
  2921 | D        | Killed a lindwurm
  2921 | D        | Reached ****** piety under Sif Muna
  2922 | D        | Reached skill level 15 in Spellcasting
  2934 | D        | Identified the "Mirerr" (Sif Muna gifted it to you in the
                  | Dungeon)
  2934 | D        | Received a gift from Sif Muna
  2936 | D        | Reached skill level 5 in Summonings
  2937 | D        | Reached skill level 5 in Air Magic
  2937 | D        | Received a gift from Sif Muna
  2956 | D        | Learned a level 5 spell: Fireball
  3068 | D        | Noticed a 12-headed hydra
  3135 | D        | Killed a demonic crawler
  3136 | D        | Reached XP level 12. HP: 54/72 MP: 6/31
  3255 | D        | Killed a demonic crawler
  3256 | D        | Reached skill level 10 in Invocations
  3310 | D        | Noticed a demonic crawler
  3321 | D        | Killed a demonic crawler
  3425 | D        | Bought a ring of poison resistance for 200 gold pieces
  3494 | D        | Killed a 12-headed hydra
  3494 | D        | Identified the "Digiunti" (Sif Muna gifted it to you in
                  | the Dungeon)
  3494 | D        | Received a gift from Sif Muna
  3499 | D        | Learned a level 2 spell: Blink
  3687 | D        | Noticed a shadow dragon
  3687 | D        | Noticed a golden dragon
  3730 | D        | Killed a shadow dragon
  3731 | D        | Reached skill level 5 in Translocations
  3987 | D        | Learned a level 4 spell: Iskenderun's Mystic Blast
  3991 | D        | Noticed a deep elf annihilator
  4015 | D        | Identified the of Rimy (Sif Muna gifted it to you in the
                  | Dungeon)
  4015 | D        | Received a gift from Sif Muna
  4166 | D        | Killed a deep elf annihilator
  4360 | D        | Reached skill level 1 in Shields
  4360 | D        | Reached skill level 1 in Earth Magic
  4483 | D        | Noticed a mummy priest
  4490 | D        | Noticed the 27-headed Lernaean hydra
  4502 | D        | Killed the 27-headed Lernaean hydra
  4567 | D        | Identified the "Aretauck" (Sif Muna gifted it to you in
                  | the Dungeon)
  4567 | D        | Received a gift from Sif Muna
  4570 | D        | Killed a mummy priest
  4626 | D        | Identified the ring of Anarchy {Contam Will+ Int+6 Stlth+}
  4626 | D        | Noticed a deep elf master archer
  4654 | D        | Killed a deep elf master archer
  4655 | D        | Reached XP level 13. HP: 64/76 MP: 12/33
  4763 | D        | Identified the staff "Hulo" {Drain rF++ rC+ rCorr MP+9 Ice}
  4768 | D        | Noticed Lom Lobon
  4778 | D        | Upgraded the game from 0.31-a0-960-g0fca184906 to
                  | 0.31-a0-963-ga325b2283a
  4920 | D        | Bought a potion of haste for 110 gold pieces
  4960 | D        | Bought a ring of ice for 275 gold pieces
  4999 | D        | Bought a potion of heal wounds for 60 gold pieces
  4999 | D        | Bought a potion of heal wounds for 60 gold pieces
  4999 | D        | Bought a potion of heal wounds for 60 gold pieces
  5044 | D        | Bought a scroll of identify for 24 gold pieces
  5044 | D        | Bought a scroll of identify for 24 gold pieces
  5044 | D        | Bought a scroll of identify for 24 gold pieces
  5089 | D        | Bought a scroll labelled PEOJAUMICLO for 24 gold pieces
  5089 | D        | Bought a scroll labelled XIAM SOKESHA for 24 gold pieces
  5089 | D        | Bought a scroll labelled IMYUVO MELU for 24 gold pieces
  5089 | D        | Bought a scroll labelled VETEGI KEIMAOG for 24 gold pieces
  5096 | D        | Bought a +6 ring of intelligence for 360 gold pieces
  5136 | D        | Learned a level 7 spell: Orb of Destruction
  5175 | D        | Noticed a lorocyproca
  5180 | D        | Killed a lorocyproca
  5393 | D        | Noticed a daeva
  5407 | D        | Killed a daeva
  5408 | D        | Reached skill level 10 in Air Magic
  5704 | D        | Noticed a fire giant
  5707 | D        | Noticed a fire giant
  5709 | D        | Killed a fire giant
  5709 | D        | Identified the "Qyucw" (Sif Muna gifted it to you in the
                  | Dungeon)
  5709 | D        | Received a gift from Sif Muna
  5709 | D        | Noticed a fire giant
  5711 | D        | Noticed a fire giant
  5721 | D        | Killed a fire giant
  5722 | D        | Killed a fire giant
  5722 | D        | Killed a fire giant
  5888 | D        | Found the +4 dragonskin cloak
  5888 | D        | Noticed Tiamat
  6142 | D        | Killed a golden dragon
  6144 | D        | Identified the +2 lajatang "Nopaf" {flame, Fly rPois Int+5
                  | Dex-3}
  6203 | D        | Found Zakluzxy's Armour Shoppe.
  6378 | D        | Identified the staff of the Feeding Augurer {*Corrode rF+
                  | Int-4 Dex+5 Stlth+ Fire}
  6380 | D        | Identified the +1 sling "Kinih" {speed, rF- rCorr Str+4}
  6487 | D        | Killed Lom Lobon
  6786 | D        | Got Denk's Excursus on Iron Hypothermia
  6928 | D        | Killed Tiamat
  6929 | D        | Reached XP level 14. HP: 90/90 MP: 16/36
  7106 | D        | Got the Orb of Zot
  7273 | D        | Noticed Xyetyo the pandemonium lord
  7277 | D        | Escaped with the Orb!

Illustrated notes

Levels and vault maps discovered:
D:        dungeon_sprint_1 [red_sonja_temple_1, red_sonja_temple_small_1]

Skill      XL: |  1  2  3  4  5  6  7  8  9 10 11 12 13 14 |
---------------+-------------------------------------------+-----
Stealth        | 3 4 5 |  5.5
Spellcasting   | 3 4 6 7 9 11 12 14 15 16 18 | 18.7
Conjurations   | 2 3 4 5 6 7 8 10 11 12 | 12.9
Fire Magic     | 4 6 7 8 10 11 12 14 15 16 18 | 18.9
Dodging        | 3 4 5 8 |  8.6
Hexes          | 2 3 4 6 7 |  7.0
Fighting       | 1 2 6 7 |  7.0
Invocations    | 5 7 9 11 14 | 14.6
Throwing       | 1 2 |  2.0
Summonings     | 1 5 8 |  8.7
Air Magic      | 1 5 9 10 | 10.0
Translocations | 4 5 |  5.0
Shields        | 1 |  1.0
Earth Magic    | 1 |  1.4
Short Blades   | |  0.2

Action                     |  1- 3 |  4- 6 |  7- 9 | 10-12 | 13-15 || total
---------------------------+-------+-------+-------+-------+-------++-------
  Melee: Unarmed           |     5 |       |       |       |       ||     5
         Tentacles         |     2 |       |       |     7 |       ||     9
         Constrict         |     1 |       |       |     3 |       ||     4
         Dagger            |       |       |       |    22 |       ||    22
         Punch             |       |       |       |     1 |       ||     1
  Throw: Dart              |       |       |     3 |     1 |       ||     4
   Cast: Scorch            |     2 |     7 |    20 |    30 |    59 ||   118
         Foxfire           |     2 |     1 |    12 |    38 |     3 ||    56
         Inner Flame       |       |       |     5 |    22 |    20 ||    47
         Flame Wave        |       |       |     1 |    12 |       ||    13
         Summon Mana Viper |       |       |       |     8 |     3 ||    11
         Plasma Beam       |       |       |       |    51 |    28 ||    79
         Brom's Barrelling |       |       |       |     8 |     1 ||     9
         Swiftness         |       |       |       |     2 |       ||     2
         Fireball          |       |       |       |     7 |     3 ||    10
         Iskenderun's Myst |       |       |       |     3 |       ||     3
         Orb of Destructio |       |       |       |       |    14 ||    14
         Dragon's Call     |       |       |       |       |     3 ||     3
         Enfeeble          |       |       |       |       |     1 ||     1
         Blink             |       |       |       |       |    12 ||    12
 Invoke: Channel Magic     |       |       |       |     4 |     8 ||    12
         Forget Spell      |       |       |       |     1 |       ||     1
         Divine Exegesis   |       |       |       |       |     4 ||     4
    Use: Potion            |     2 |       |     1 |     5 |     3 ||    11
         Scroll            |       |       |     2 |     6 |     5 ||    13
   Stab: Distracted        |       |       |       |     1 |       ||     1
 Armour: Skin              |     1 |     2 |     3 |    50 |    22 ||    78
  Dodge: Dodged            |     2 |     3 |     6 |    58 |     6 ||    75
  Block: Other             |       |       |       |    12 |     1 ||    13

Table legend: (Time is in decaauts)
 A = Elapsed time spent in this place.
 B = Non-inter-level travel time spent in this place.
 C = Inter-level travel time spent in this place.
 D = Time resting spent in this place.
 E = Time spent auto-exploring this place.
 F = Levels seen in this place.
 G = Mean time per level.
                   A        B        C        D        E       F      G
               +--------+--------+--------+--------+--------+-----+--------+
         Total |   7245 |   6976 |    269 |   3904 |      0 |   1 | 7245.0 |
       Dungeon |   7245 |   6976 |    269 |   3904 |      0 |   1 | 7245.0 |
               +--------+--------+--------+--------+--------+-----+--------+

Top non-repeatable levels by time:
       D: 7245 daAuts
